 Dungeon Crawl Stone Soup version 0.22-a0-284-g99d1f74 (webtiles) character file.

51 ohad the Chopper (level 4, -1/35 HPs)
             Began as a Formicid Fighter on Mar 17, 2018.
             Killed by divine providence
             ... invoked by an orc priest
              (10 damage)
             ... on level 3 of the Dungeon on Mar 20, 2018.
             The game lasted 00:03:55 (1520 turns).

ohad the Chopper (Formicid Fighter)                 Turns: 1520, Time: 00:03:56

Health: -1/35      AC:  6    Str: 21    XL:     4   Next: 5%
Magic:  4/4        EV:  7    Int:  7    God:
Gold:   96         SH:  9    Dex: 11    Spells: 3/3 levels left

rFire    . . .     SeeInvis +   a - +0 war axe
rCold    . . .     Gourm    .   c - +0 shield
rNeg     . . .     Faith    .   h - +0 scale mail (curse)
rPois    .         Spirit   .   (helmet unavailable)
rElec    .         Reflect  .   (no cloak)
rCorr    .         Harm     .   (no gloves)
MR       .....                  (no boots)
Stlth    ..........             (no amulet)
HPRegen  0.11/turn              (no ring)
MPRegen  0.09/turn              (no ring)

@: no status effects
A: permanent stasis, dig shafts and tunnels, four strong arms, antennae 3
a: Dig, Shaft Self


You were on level 3 of the Dungeon.
You were not hungry.

You visited 1 branch of the dungeon, and saw 3 of its levels.

You collected 96 gold pieces.

Inventory:

Hand Weapons
 a - a +0 war axe (weapon)
Armour
 b - a +0 scale mail
 c - a +0 shield (worn)
 h - a cursed +0 scale mail (worn)
Scrolls
 e - a scroll of remove curse {unknown}
 j - a scroll of identify {unknown}
 m - a scroll of amnesia {unknown}
 o - a scroll of enchant armour {unknown}
Potions
 d - 2 potions of might
 i - a potion of resistance {unknown}
 k - a potion of flight {unknown}
 l - a potion of haste {unknown}
 n - a potion of brilliance {unknown}
Comestibles
 f - 4 rations
 g - 3 chunks of flesh


   Skills:
 - Level 3.2 Fighting
 + Level 4.0 Axes
 - Level 3.2 Armour
 - Level 3.6 Shields


You had 3 spell levels left.
You didn't know any spells.

Dungeon Overview and Level Annotations

Branches:
Dungeon (3/15)

Altars:
Yredelemnul


Innate Abilities, Weirdness & Mutations

You cannot be hasted, slowed, berserked, paralysed or teleported.
You can dig through walls and to a lower floor.
Your four strong arms can wield two-handed weapons with a shield.
You have a pair of large antennae on your head. (SInv)


Message History

The orc closely misses you. You block the quokka's attack.
The orc priest begins to cast a cantrip, but forgets the words!
You completely miss the orc priest. You slash the bat!
You kill the bat!
You slash the orc!
You kill the orc!
You barely miss the quokka.
The quokka bites you but does no damage.
The orc priest miscasts a cantrip.
The orc priest invokes the aid of Beogh against you.
Beogh smites you!
* * * LOW HITPOINT WARNING * * *
You block the quokka's attack.
Unknown command.
You block the hobgoblin's attack.
The orc priest looks satisfied for a moment.
The orc priest looks braver for a moment.
The orc priest invokes the aid of Beogh against you.
Beogh smites you!
You die...

##### .....
#####.....
#$?.......
#########.........
#.<.....#.........
#.....@r#.........
#........o.o......
#.......#.).......
#.................
#########....#####
###..# #... ....
....


You could see 2 orc priests and a quokka.

Vanquished Creatures
  2 oozes
  A worm (D:2)
  2 leopard geckos
  2 orcs (D:3)
  A ball python (D:2)
  5 giant cockroaches (D:1)
  4 hobgoblins
  A quokka (D:2)
  8 bats
  2 frilled lizards (D:2)
  7 rats
35 creatures vanquished.

Notes
Turn   | Place    | Note
-------+----------+-------------------------------------------
     0 | D:1      | ohad the Formicid Fighter began the quest for the Orb.
     0 | D:1      | Reached XP level 1. HP: 18/18 MP: 1/1
   175 | D:1      | Reached XP level 2. HP: 24/24 MP: 2/2
   296 | D:1      | Reached skill level 3 in Axes
   672 | D:1      | Reached XP level 3. HP: 24/29 MP: 3/3
   926 | D:2      | Found a basalt altar of Yredelemnul.
  1054 | D:2      | Upgraded the game from 0.22-a0-282-gdd34a7d to 0.22-a0-284-g99d1f74
  1514 | D:3      | Reached skill level 4 in Axes
  1514 | D:3      | Reached XP level 4. HP: 20/35 MP: 4/4
  1520 | D:3      | Killed from afar by an orc priest

Vault maps used:
D:1:      dpeg_arrival_tiny_i, corexii_item_surrounded_by_moat,
          minmay_tromino_mix6
D:2:      yredelemnul_altar_generic

Skill      XL: |  1  2  3 |
---------------+----------+-----
Axes           | 3 4 |  4.0
Fighting       | |  3.2
Armour         | |  3.2
Shields        | |  3.6

Action                   |  1- 3 |  4- 6 || total
-------------------------+-------+-------++-------
Melee: War axe           |   111 |     2 ||   113
  Eat: Chunk             |     2 |       ||     2
Armor: Scale mail        |    43 |     3 ||    46
Dodge: Dodged            |    34 |     1 ||    35
Block: Shield            |    76 |     5 ||    81

Table legend:
 A = Spawn XP
 B = Non-spawn XP
 C = Spawn XP percentage of total XP
 D = Spawn monster count
 E = Non-spawn monster count
 F = Spawn count percentage of total count
 G = Total turns spent on level
                    A         B        C        D         E        F      G
               +---------+---------+-------+---------+---------+-------+---------
         Total |       0 |      73 |   0.0 |       0 |      35 |   0.0 |  1520
               +---------+---------+-------+---------+---------+-------+---------
           D:1 |       0 |      36 |   0.0 |       0 |      18 |   0.0 |   872
           D:2 |       0 |      30 |   0.0 |       0 |      14 |   0.0 |   630
           D:3 |       0 |       7 |   0.0 |       0 |       3 |   0.0 |    18
               +---------+---------+-------+---------+---------+-------+---------
